 Dungeon Sprint DCSS version 0.30-b1-2-g02819fbbbe (webtiles) character file.

Game seed: 3033037486108154985

26 funkygono the Shield-Bearer (level 2, -2/28 HPs)
             Began as a Minotaur Fighter on July 15, 2023.
             Drowned by a water elemental (9 damage)
             ... in the Dungeon (Sprint III: "The Ten Rune Challenge").
             The game lasted 00:00:16 (174 turns).

funkygono the Shield-Bearer (Minotaur Fighter)       Turns: 174, Time: 00:00:17

Health: -2/28      AC:  7    Str: 20    XL:     2   Next: 89%
Magic:  1/1        EV:  9    Int:  5    God:
Gold:   0          SH:  4    Dex:  9    Spells: 1/1 levels left

rFire   . . .        a - +0 war axe
rCold   . . .        c - +0 buckler
rNeg    . . .        b - +0 scale mail
rPois   .            (helmet restricted)
rElec   .            (no cloak)
rCorr   .            (no gloves)
SInv    .            (no boots)
Will    .....        (no amulet) Stlth
                     (no ring)
HPRegen 0.24/turn    (no ring)
MPRegen 0.07/turn

%: no teleportation
@: engulfed (cannot breathe)
A: horns 2, retaliatory headbutt
a: no special abilities


You were in the Dungeon.
You visited 1 branch

Inventory:

Hand Weapons
 a - a +0 war axe (weapon)
Armour
 b - a +0 scale mail (worn)
 c - a +0 buckler (worn)
Scrolls
 j - a scroll of blinking
Potions
 d - a potion of might
 e - a potion of curing
 f - a potion of heal wounds
 g - a potion of haste
 h - 2 potions of magic
 i - a potion of berserk rage


   Skills:
 + Level 4.9 Fighting
 + Level 3.6 Axes
 + Level 5.1 Armour
 + Level 1.2 Dodging
 + Level 5.2 Shields


You had one spell level left.
You didn't know any spells.
Your spell library was empty.

Dungeon Overview and Level Annotations

Branches:
Dungeon (1/1)

Altars:


Innate Abilities, Weirdness & Mutations

You have a pair of horns on your head.
You reflexively headbutt those who attack you in melee.


Message History

The human is severely wounded.
You closely miss the phantom. The human hits you.
* * * LOW HITPOINT WARNING * * *
The phantom hits you but does no damage.
The human barely misses you. The phantom closely misses you.
You furiously retaliate!
You headbutt the phantom. You slash the human!
You kill the human!
You barely miss the phantom. The phantom hits you.
* * * LOW HITPOINT WARNING * * *
Your Axes skill increases to level 3!
Your Dodging skill increases to level 1!
Your Shields skill increases to level 5!
You have reached level 2!
Unknown command.
You hit the phantom but do no damage.
The phantom is severely damaged.
The phantom hits you but does no damage. x2
You hit the phantom.
The phantom is severely damaged.
The phantom hits you.
* * * LOW HITPOINT WARNING * * *
You barely miss the phantom. You headbutt the phantom.
You destroy the phantom!
Your Armour skill increases to level 5!
HP restored.
You see here a human corpse.
You open the door.
A water elemental comes into view.
The water elemental hits you!
The water elemental engulfs you in water!
There is an open door to the Ecumenical Temple, spattered with blood here.
You hit the water elemental. You headbutt the water elemental.
The water elemental is lightly damaged.
* * * LOW HITPOINT WARNING * * *
Your lungs strain for air!
You block the water elemental's attack. x2
You hit the water elemental.
The water elemental is lightly damaged.
You die...

▓▓▓▓▓▓▓ ▓▓▓ ..#)..####
##.# ..#......## #..#
.##.......# #..#
#.##.##...# #..###+#+##
#.##.###..# +#..#.......
.####.##..# #...@.⌠.....
###..##.†####...#E..####
.....##..###†...#.⌠.#
##†.##...##.....#...#
#..##....#......#+###
..###..##.#.....# [.#
#.. ####....# ▓▓▓ ▓▓▓
▓▓▓▓▓▓


You could see a water elemental.

Vanquished Creatures
  A human (D)
  A phantom (D)
  An endoplasm (D)
  3 rats (D)
6 creatures vanquished.

Notes
Turn   | Place    | Note
-------+----------+-------------------------------------------
     0 | D        | funkygono the Minotaur Fighter began the quest for the Orb.
     0 | D        | Reached XP level 1. HP: 19/19 MP: 0/0
    47 | D        | Reached skill level 1 in Dodging
    47 | D        | Reached skill level 5 in Shields
    47 | D        | Reached XP level 2. HP: 2/28 MP: 1/1
    50 | D        | HP: 1/28 [phantom (3)]
    52 | D        | Reached skill level 5 in Armour
   171 | D        | Noticed a water elemental
   174 | D        | Drowned by a water elemental

Illustrated notes

Levels and vault maps discovered:
D:        dungeon_sprint_mu [sprint_mu_entry_cave, sprint_mu_temple_rooms,
          sprint_mu_d1_horrors, sprint_mu_d2_genie, sprint_mu_d3_branching,
          sprint_mu_orc_legion, sprint_mu_elf_gauntlet, sprint_mu_hive_nellie,
          sprint_mu_lair_fedhas, sprint_mu_vaults_butterflies,
          sprint_mu_slime_circle, sprint_mu_swamp_cave, sprint_mu_shoals_kraken,
          sprint_mu_blade_basic, sprint_mu_crypt_lich, sprint_mu_tomb_spiral,
          sprint_mu_vestibule_basic, sprint_mu_gehenna_hellfire,
          sprint_mu_dis_giant, sprint_mu_tartarus_statrot,
          sprint_mu_cocytus_islands, sprint_mu_zot1]

Skill      XL: |  1  2 |
---------------+-------+-----
Shields        | 5 |  5.2
Fighting       | 4 |  4.9
Armour         | 4 5 |  5.1
Axes           | 3 |  3.6
Dodging        | 1 |  1.2

Action                     || total
---------------------------++-------
  Melee: War axe           ||    19
         Headbutt          ||     4
 Armour: Scale mail        ||     9
  Dodge: Dodged            ||     6
  Block: Buckler           ||     7
